Unix NetHack Version 5.0.0-0 post-release - last build May 23 2026 06:08:33 (1c0ff79ee797540d5714e4e18072db0edd9e58ae,branch:main).

Game began 2026-05-26 21:29:34, ended 2026-05-27 01:04:22.

IanCurtis, chaotic male elven Wizard

                        --------------------------------
                        |..............................|
                        | ------  ----------.....-----.|
                                           |.....|...|.|
                                           |.....+...|.|
                        | -                |---..|...|.|
                        |..             |  |..|.--.--|"|
                        |.......  -- -- |. |..|.|(...|.|
                        |............{. -|-|. |.|.._.|.|
                        |..................-|--[|....|@|
                        | ----- --.---- --......-....|B|
                          |..|   |.|     |....-------|..
                          |..|   |.+     |....|{.|.(.|.|
                          |..|   |.----  |....|..|...-.|
                        | -|------..{.----....--|-----(|
                        |..............................|
                        --------------------------------

IanCurtis the Thaumaturge  St:11 Dx:16 Co:14 In:17 Wi:12 Ch:10  Chaotic
Dlvl:7  $:392 HP:0(41) Pw:30(69) AC:8  Xp:7 T:5341 

Latest messages:
 In what direction? y
 The spell hits the rope golem!
 The rope golem hits!
 The rope golem hits again!
 The rope golem grabs you!
 You cannot escape from the rope golem!
 The rope golem hits!
 The rope golem hits again!
 You are being choked.
 What do you want to write with? [- acenyBVX or ?*] <space>
 Never mind.
 What do you want to zap? [cBV or ?*] ^_
 You don't have that object.
 What do you want to zap? [cBV or ?*] ^_
 You don't have that object.
 What do you want to zap? [cBV or ?*] ?
 In what direction? .
 You materialize in a different location!
 You stumble into a spider web!
 You are stuck to the web.
 You are stuck to the web.
 You are stuck to the web.
 You are stuck to the web.
 In what direction? j
 The spell hits the ghoul!
 In what direction? k
 The spell misses the giant spider.
 In what direction? k
 The spell hits the giant spider!
 In what direction? k
 The spell hits the giant spider!
 What do you want to write with? [- acenyBVX or ?*] -
 You write in the dust with your fingertip.
 What do you want to write in the dust here? Elbereth
 The giant spider turns to flee.
 You disentangle yourself.
 Something is written here in the dust.
 You read: "E| e?eth".
 You stumble into a spider web!
 You are stuck to the web.
 You are stuck to the web.
 The vampire bat bites!
 The vampire bat bites again!
 In what direction? j
 The spell hits the vampire bat!
 The vampire bat bites!
 The vampire bat bites again!
 The vampire bat bites!
 You die...
 Do you want your possessions identified? [ynq] (y) q

Inventory:
 Coins    ('$')
  $ - 392 gold pieces
 Weapons  (')')
  a - a blessed +1 quarterstaff (weapon in hands)
 Armor    ('[')
  E - an uncursed +0 orcish helm (being worn)
  b - an uncursed +0 cloak of magic resistance (being worn)
 Comestibles  ('%')
  N - an uncursed eucalyptus leaf
  J - 2 uncursed food rations
  D - an uncursed lizard corpse
 Scrolls  ('?')
  G - 2 blessed scrolls of blank paper
  i - an uncursed scroll of blank paper
  j - an uncursed scroll of enchant armor
  C - an uncursed scroll of fire
  u - an uncursed scroll of food detection
  s - an uncursed scroll of gold detection
  I - an uncursed scroll of identify
  v - an uncursed scroll of light
  T - a cursed scroll of punishment
  R - 2 blessed scrolls of teleportation
  U - an uncursed scroll of teleportation
 Potions  ('!')
  t - a cursed potion of gain energy
  r - an uncursed potion of gain level
  K - an uncursed potion of healing
  h - an uncursed potion of invisibility
  g - an uncursed potion of levitation
  S - 2 uncursed potions of monster detection
  f - an uncursed potion of object detection
  x - a blessed potion of restore ability
  A - an uncursed potion of restore ability
  q - an uncursed potion of sleeping
 Rings    ('=')
  e - an uncursed ring of cold resistance
  y - an uncursed ring of free action
  X - a blessed +2 ring of increase damage
 Wands    ('/')
  V - a wand of create monster (0:12)
  B - a wand of locking (0:4)
  c - a wand of teleportation (0:3)
 Tools    ('(')
  Z - a frost horn (0:6)
  p - an uncursed leather drum
  o - an uncursed blindfold
  n - a magic marker (0:20)
  W - an uncursed oil lamp
  d - a +0 pick-axe
  k - an uncursed skeleton key
  Y - an uncursed tallow candle

IanCurtis the Wizard's attributes:

Background:
 You were a Thaumaturge, a level 7 male elven Wizard.
 You were chaotic, on a mission for Anhur
 who was opposed by Ptah (lawful) and Thoth (neutral).
 You were right-handed.
 You were in the Gnomish Mines, on level 7.
 You entered the dungeon 5341 turns ago.
 It was nighttime.
 You had 1277 experience points, 3 more were needed to attain level 8.

Basics:
 You had 0 out of 41 hit points.
 You had 30 out of 69 energy points (spell power).
 Your armor class was 8.
 Your wallet contained 392 zorkmids.
 Autopickup was off.

Final Characteristics:
 Your strength was 11 (limit:18).
 Your dexterity was 16 (limit:18).
 Your constitution was 14 (limit:16).
 Your intelligence was 17 (limit:20).
 Your wisdom was 12 (limit:20).
 Your charisma was 10 (limit:18).

Final Status:
 You were trapped in a web.
 You weren't hungry.
 You were unencumbered.
 You were wielding a quarterstaff.
 You had basic skill with quarterstaff and could have enhanced that.

Final Attributes:
 You were piously aligned.
 You were magic-protected.
 You were sleep resistant.
 You had infravision.
 You were warded.
 You were lucky.
 You are dead.

Miscellaneous:
 You didn't encounter any bones levels.
 Total elapsed playing time was 1 hour, 18 minutes and 12 seconds.

Major events:
 Turn
    1: IanCurtis the chaotic male elven Wizard entered the dungeon
  810: attained the rank of Conjurer (level 3)
 1838: attained the rank of Thaumaturge (level 6)
 3245: entered the Gnomish Mines
 3861: reached Mine Town
 5341: killed by a vampire bat

Spells:
 Name                 Level Category     Fail Retention
 force bolt             1   attack         0%   71%-75%
 detect monsters        1   divination     0%   51%-75%
 cure sickness          3   healing       87%  76%-100%
 detect unseen          3   divination    87%  76%-100%
 haste self             3   escape        87%  76%-100%
 knock                  1   matter         0%  76%-100%
 light                  1   divination     0%  76%-100%

Skills:
 Fighting Skills
   bare handed combat [Unskilled]
   riding             [Unskilled]
 Weapon Skills
   dagger             [Unskilled]
   knife              [Unskilled]
   axe                [Unskilled]
   short sword        [Unskilled]
   club               [Unskilled]
   mace               [Unskilled]
   quarterstaff       [Basic]
   polearms           [Unskilled]
   spear              [Unskilled]
   trident            [Unskilled]
   sling              [Unskilled]
   dart               [Unskilled]
   shuriken           [Unskilled]
 Spellcasting Skills
   attack spells      [Skilled]
   healing spells     [Unskilled]
   divination spells  [Unskilled]
   enchantment spells [Basic]
   clerical spells    [Unskilled]
   escape spells      [Unskilled]
   matter spells      [Unskilled]

Voluntary challenges:
 Character rerolling was not enabled.
 You never genocided any monsters.
 You never polymorphed an object.
 You never changed form.
 You used no wishes.
Achievements:
 You attained the rank of Conjurer.
 You entered a shop.
 You attained the rank of Thaumaturge.
 You entered the Gnomish Mines.
 You entered Minetown.
 You entered a temple.

 The Dungeons of Doom: levels 1 to 7
    Level 1:
       Some fountains.
    Level 2:
       A fountain.
    Level 3:
       An altar, a sink, a grave.
       Stairs down to The Gnomish Mines.
    Level 4:
       An armor shop, a fountain.
    Level 5:
       A grave.
    Level 6: "vault"
    Level 7:
 The Gnomish Mines: levels 4 to 7
    Level 4:
    Level 5:
    Level 6:
    Level 7: <- You were here.
       A temple and an altar to Anhur, some fountains, a sink.
       Final resting place for
          you, killed by a vampire bat.


Vanquished creatures:
  6 small mimics
  a leather golem
  a giant beetle
  a giant spider
  a black light
  a gnome ruler
 an owlbear
  a lizard
  a water moccasin
  2 apes
  2 human zombies
  a soldier ant
  a wood nymph
  a Mordor orc
  a pony
  4 gnome leaders
  2 gnomish wizards
  4 elf zombies
  a paper golem
  a kitten
  6 dwarves
  a homunculus
  4 rothes
  a giant bat
  5 monkeys
  2 coyotes
  a hobbit
  2 cave spiders
  a brown mold
  a green mold
 26 gnomes
  5 garter snakes
  2 gnome zombies
  2 geckos
  5 jackals
  2 kobolds
  4 goblins
  3 grid bugs
  2 bats
  3 lichens
  6 newts
118 creatures vanquished.

No species were genocided or became extinct.

Game over:
                       ----------
                      /          \
                     /    REST    \
                    /      IN      \
                   /     PEACE      \
                  /                  \
                  |    IanCurtis     |
                  |      392 Au      |
                  |   killed by a    |
                  |   vampire bat    |
                  |                  |
                  |                  |
                  |       2026       |
                 *|     *  *  *      | *
        _________)/\\_//(\/(/\)/\//\/|_)_______

Goodbye IanCurtis the Wizard...

You died in The Gnomish Mines on dungeon level 7 with 5761 points,
and 392 pieces of gold, after 5341 moves.
You were level 7 with a maximum of 41 hit points when you died.

